 Dungeon Crawl Stone Soup version 0.31.0-32-g396128a36d (webtiles) character file.

Game seed: 10971949276659225643

333 ShadeLightTheory the Covered (level 6, 0/53 HPs)
             Began as a Minotaur Fighter on Mar 15, 2024.
             Was a Believer of Uskayaw.
             Slain by yey's ghost (3 damage)
             ... on level 4 of the Dungeon.
             The game lasted 00:23:01 (3226 turns).

ShadeLightTheory the Covered (Minotaur Fighter)     Turns: 3226, Time: 00:23:02

Health: 0/53       AC: 17    Str: 22    XL:     6   Next: 27%
Magic:  2/5        EV:  2    Int:  5    God:    Uskayaw [**....]
Gold:   176        SH:  8    Dex: 10    Spells: 5/5 levels left

rFire   . . .        a - +0 trident
rCold   . . .        y - +0 kite shield
rNeg    . . .        A - +0 crystal plate armour
rPois   .            (helmet restricted)
rElec   .            (no cloak)
rCorr   .            (no gloves)
SInv    .            (no boots)
Will    .....        (no amulet) Stlth
                     (no ring)
HPRegen 0.28/turn    (no ring)
MPRegen 0.09/turn

%: no passive effects
@: no status effects
A: horns 2, retaliatory headbutt
a: Renounce Religion, Stomp, Line Pass


You were on level 4 of the Dungeon.
You worshipped Uskayaw.
Uskayaw was noncommittal.
You visited 1 branch of the dungeon, and saw 4 of its levels.

You collected 176 gold pieces.

Inventory:

Hand Weapons
 a - a +0 trident (weapon)
 f - a +0 dagger
 g - a +0 falchion
 j - a +0 whip
 p - a +0 flail
 s - a +0 hand axe
 v - a +0 halberd of pain
 w - a +0 halberd
 x - a +0 spear
Armour
 b - a +0 scale mail
 c - a +0 buckler
 e - a +0 chain mail
 i - a +0 plate armour
 t - a +0 chain mail
 y - a +0 kite shield (worn)
 A - a +0 crystal plate armour (worn)
Magical Staves
 m - a staff of earth
Jewellery
 l - a ring of wizardry
Wands
 d - a wand of flame (21)
Scrolls
 h - a scroll of fog {unknown}
 k - a scroll of amnesia {unknown}
 q - a scroll of enchant weapon {unknown}
 r - 3 scrolls of fear {unknown}
 u - a scroll of identify {unknown}
Potions
 n - a potion of magic {unknown}
 o - a potion of curing {unknown}
 z - 2 potions of mutation {unknown}


   Skills:
 + Level 4.7 Fighting
 + Level 5.0 Polearms
 + Level 5.4 Armour
 + Level 0.5 Dodging
 + Level 0.3 Stealth
 + Level 5.0 Shields


You had 5 spell levels left.
You didn't know any spells.
Your spell library contained the following spells:

 Spells                   Type           Power      Damage    Failure   Level
 Kiss of Death            Conj/Necr      0%         2d5       100%        1
 Sting                    Conj/Alch      0%         1d3       100%        1
 Mercury Vapours          Alch/Air       0%         N/A       100%        2
 Confusing Touch          Hex            0%         N/A       100%        3
 Dispel Undead            Necr           0%         3d6       100%        4
 Olgreb's Toxic Radiance  Alch           0%         N/A       100%        4


Dungeon Overview and Level Annotations

Branches:
Dungeon (4/15)
 Temple: D:4-7

Altars:
Ashenzari
Nemelex Xobeh
Uskayaw
Wu Jian
The Shining One

Annotations:
D:4 yey's ghost, amateur MfSh


Innate Abilities, Weirdness & Mutations

You have a pair of horns on your head.
You reflexively headbutt those who attack you in melee.


Message History

Yey's ghost barely misses the river rat.
You hit the river rat.
The river rat is heavily wounded.
Yey's ghost seems less confused.
You barely miss the river rat.
The river rat is heavily wounded.
The river rat seems less confused.
Yey's ghost completely misses you.
The river rat bites you but does no damage.
You block yey's ghost's attack.
You hit the river rat.
The river rat is severely wounded.
You block the river rat's attack. Yey's ghost hits you!
The river rat bites you but does no damage.
You hit the river rat.
You kill the river rat!
You block yey's ghost's attack.
You can now pass through a line of other dancers.
You block yey's ghost's attack.
You see here a river rat corpse.
You hit yey's ghost.
Yey's ghost is lightly damaged.
Yey's ghost hits you!
* * * LOW HITPOINT WARNING * * *
You hit yey's ghost.
Yey's ghost is moderately damaged.
You block yey's ghost's attack.
You hit yey's ghost but do no damage. You headbutt yey's ghost.
Yey's ghost is moderately damaged.
Yey's ghost hits you but does no damage.
You block yey's ghost's attack.
You hit yey's ghost but do no damage.
Yey's ghost is moderately damaged.
Yey's ghost hits you but does no damage.
You hit yey's ghost but do no damage.
Yey's ghost is moderately damaged.
Yey's ghost hits you!
* * * LOW HITPOINT WARNING * * *
Okay, then.
Yey's ghost hits you.
You die...

..# ..# ##.#
..#######
##.#~~~~~~
#..'~~~~/~
##..#~~~~~~
##.†W#######
#...@†..+
##...####
#..## #.##
#.# #.#
########+##
#.#
#.........#
#.#
#.######..#
#.# #.#
##..###


You could see yey's ghost.

Vanquished Creatures
  Eustachio (D:4)
  Terence (D:3)
  Robin (D:3)
  3 gnolls (D:3)
  4 adders
  A river rat (D:4)
  2 dart slugs
  4 endoplasms
  4 giant cockroaches (D:1)
  16 goblins
  10 hobgoblins
  6 jackals (D:1)
  6 kobolds
  4 quokkas
  5 ball pythons
  3 bats
  2 frilled lizards (D:2)
  4 rats
77 creatures vanquished.

Notes
Turn   | Place    | Note
-------+----------+-------------------------------------------
     0 | D:1      | ShadeLightTheory the Minotaur Fighter began the quest for
                  | the Orb.
     0 | D:1      | Reached XP level 1. HP: 19/19 MP: 0/0
   183 | D:1      | Reached XP level 2. HP: 27/27 MP: 1/1
   859 | D:1      | Reached XP level 3. HP: 33/33 MP: 2/2
  1156 | D:2      | Reached XP level 4. HP: 40/40 MP: 3/3
  1397 | D:2      | Found a faded altar of an unknown god.
  1402 | D:2      | Prayed at the altar of an unknown god.
  1402 | D:2      | Became a worshipper of Uskayaw the Reveller
  1402 | D:2      | Reached * piety under Uskayaw
  1708 | D:3      | Noticed Robin
  1728 | D:3      | Reached ** piety under Uskayaw
  1732 | D:3      | Reached *** piety under Uskayaw
  1733 | D:3      | Killed Robin
  1958 | D:3      | Noticed Terence
  1962 | D:3      | Killed Terence
  1963 | D:3      | Reached XP level 5. HP: 47/47 MP: 4/4
  1987 | D:3      | Found a sparkling altar of Nemelex Xobeh.
  1987 | D:3      | Found a glowing golden altar of the Shining One.
  1987 | D:3      | Found an ornate altar of the Wu Jian Council.
  2077 | D:3      | Found a broken altar of Ashenzari.
  2937 | D:4      | Noticed a +0 falchion
  2937 | D:4      | Noticed a +0 short sword
  2937 | D:4      | Noticed a +0 spear
  2938 | D:4      | Noticed a +0 falchion
  2938 | D:4      | Noticed a +0 short sword
  2939 | D:4      | Noticed a +0 dagger
  2939 | D:4      | Noticed a +0 dagger
  2940 | D:4      | Noticed a +0 spear
  2946 | D:4      | Found a hide-covered altar of Uskayaw.
  2960 | D:4      | Noticed Eustachio
  3025 | D:4      | Killed Eustachio
  3026 | D:4      | Reached skill level 5 in Polearms
  3026 | D:4      | Reached skill level 5 in Armour
  3026 | D:4      | Reached skill level 5 in Shields
  3026 | D:4      | Reached XP level 6. HP: 35/53 MP: 1/5
  3183 | D:4      | Found a runed translucent door.
  3190 | D:4      | Noticed yey's ghost (amateur MfSh)
  3226 | D:4      | Slain by yey's ghost

Illustrated notes

Levels and vault maps discovered:
D:1:      minmay_arrival_solitary_statue, layout_basic
D:2:      layout_rooms, hellmonk_ecumenical_altar_heavens_door,
          minmay_diced_spiral
D:3:      layout_loops_ring, mainiacjoe_overflow_paths,
          gammafunk_temple_overflow_claw, minmay_quadrilaterals, uniq_robin,
          uniq_terence
D:4:      layout_loops_corners, kennysheep_ying_yang, nicolae_uskayaw_en_pointe,
          minmay_temple_entry_poolview, ebering_ghost_sewer_f, uniq_natasha,
          uniq_eustachio

Skill      XL: |  1  2  3  4  5 |
---------------+----------------+-----
Armour         | 4 5 |  5.4
Shields        | 4 5 |  5.0
Fighting       | 4 |  4.7
Polearms       | 3 4 5 |  5.0
Dodging        | |  0.5
Stealth        | |  0.3

Action                     |  1- 3 |  4- 6 || total
---------------------------+-------+-------++-------
  Melee: Trident           |    76 |   169 ||   245
         Headbutt          |    10 |    28 ||    38
 Invoke: Stomp             |       |     4 ||     4
         Line Pass         |       |     1 ||     1
    Use: Potion            |       |     1 ||     1
   Stab: Paralysed         |       |     1 ||     1
 Armour: Chain mail        |    63 |    85 ||   148
         Crystal plate arm |       |    97 ||    97
  Dodge: Dodged            |    23 |    47 ||    70
  Block: Buckler           |    17 |    25 ||    42
         Kite shield       |       |    45 ||    45
